 Dungeon Crawl Stone Soup version 0.26.1-11-gd32895ea62 (webtiles) character file.

Game seed: 2222006307991503799

1321 SSird the Slasher (level 8, -10/61 HPs)
             Began as a Demonspawn Gladiator on June 18, 2021.
             Killed from afar by a steam dragon (19 damage)
             ... with a ball of steam
             ... on level 7 of the Dungeon.
             The game lasted 00:13:17 (7780 turns).

SSird the Slasher (Demonspawn Gladiator)            Turns: 7780, Time: 00:13:17

Health: -10/61     AC: 11    Str: 17    XL:     8   Next: 33%
Magic:  8/8        EV:  8    Int:  9    God:
Gold:   510        SH:  5    Dex: 15    Spells: 7/7 levels left

rFire    . . .     SeeInvis .   b - +0 long sword
rCold    . . .     Faith    .   w - +0 buckler
rNeg     . . .     Spirit   .   o - +0 chain mail
rPois    .         Reflect  .   s - +0 helmet
rElec    .         Harm     .   (no cloak)
rCorr    .         Rampage  .   (no gloves)
Will     .....                  (no boots)
Stlth    ..........             (no amulet)
HPRegen  0.20/turn              (no ring)
MPRegen  0.11/turn              (no ring)

@: no status effects
A: talons 1, thin metallic scales 1, demonic guardian 1, miasma immunity
a: no special abilities


You were on level 7 of the Dungeon.
You visited 1 branch of the dungeon, and saw 7 of its levels.

You collected 510 gold pieces.

Inventory:

Hand Weapons
 a - a +0 dagger of electrocution
 b - a +0 long sword (weapon)
 y - a +0 dagger of speed
Missiles
 d - 3 throwing nets (quivered)
 l - 10 poisoned darts
 A - 4 silver boomerangs
Armour
 c - a +0 helmet
 g - a +0 ring mail
 o - a +0 chain mail (worn)
 p - a +0 leather armour
 s - a +0 helmet (worn)
 w - a +0 buckler (worn)
Jewellery
 r - an uncursed ring of stealth {unknown}
Wands
 q - a wand of digging (4)
 v - a wand of flame (8)
Scrolls
 e - 4 scrolls of identify
 i - 5 scrolls of blinking
 k - 4 scrolls of remove curse
 m - 3 scrolls of teleportation
Potions
 f - a potion of lignification
 j - 4 potions of magic
 n - a potion of resistance
 t - a potion of ambrosia {unknown}
 u - a potion of degeneration {unknown}
 x - a potion of attraction {unknown}
 z - a potion of brilliance {unknown}
 B - a potion of mutation {unknown}
Miscellaneous
 h - a phial of floods


   Skills:
 + Level 4.5 Fighting
 * Level 6.2 Long Blades
 + Level 4.1 Throwing
 + Level 4.6 Dodging
 + Level 3.1 Shields


You had 7 spell levels left.
You didn't know any spells.
Your spell library contained the following spells:

 Spells                   Type           Power        Failure   Level
 Animate Skeleton         Necr           0%           100%        1
 Pain                     Necr           0%           100%        1
 Vampiric Draining        Necr           0%           100%        3
 Animate Dead             Necr           0%           100%        4
 Agony                    Necr           0%           100%        5


Dungeon Overview and Level Annotations

Branches:
Dungeon (7/15)
 Temple: D:4-7

Altars:
Ashenzari
Trog
Wu Jian
Yredelemnul


Innate Abilities, Weirdness & Mutations

You have sharp toenails.
You are partially covered in thin metallic scales. (AC +2)
A weak demonic guardian rushes to your aid.
You are immune to miasma.


Message History

* * * LOW HITPOINT WARNING * * *
Unknown command.
You slash the steam dragon!
The steam dragon is severely wounded.
The steam dragon completely misses you.
You riposte.
You hit the steam dragon but do no damage.
Your kick misses the steam dragon.
The steam dragon is severely wounded.
The steam dragon claws you but does no damage.
You hit the steam dragon.
The steam dragon is almost dead.
The steam dragon bites you.
* * * LOW HITPOINT WARNING * * *
The steam dragon claws you but does no damage.
Unknown command.
You barely miss the steam dragon. You claw the steam dragon.
The steam dragon is almost dead.
The steam dragon breathes steam at you. The ball of steam hits you!!
You die...

#. #. #. ##.##
...# # ###..#
#. #....#
#.##h##J##
#....@D#.## #
#..5..###5#.#
##.#.## ##D.#
#.##.## ......
###
#.###.#.###...#
.... ###......#
...# .....
##.....####
.J..
.....###...##.#
.#.
........#.#.#.#
.#


You could see a steam dragon (catching breath), a hound, a jelly and a friendly
ufetubus (summoned).

Vanquished Creatures
  An orc warrior (D:6)
  A centaur (D:5)
  A bullfrog (D:6)
  3 scorpions
  A bullfrog zombie (D:5)
  2 hounds
  A jelly (D:4)
  A bullfrog skeleton (D:5)
  5 orc priests
  An iguana (D:4)
  5 worker ants
  5 orc wizards
  A hound zombie (D:4)
  A hound skeleton (D:4)
  A worker ant zombie (D:6)
  3 adders
  A shadow imp (D:6)
  An ufetubus (D:5)
  2 oozes (D:5)
  3 adder zombies
  2 adder skeletons
  3 worms
  6 leopard geckos
  20 orcs
  A ball python (D:3)
  8 giant cockroaches
  5 goblins
  5 hobgoblins
  20 jackals
  14 kobolds
  2 quokkas
  7 bats
  5 frilled lizards
  A jackal skeleton (D:4)
  A quokka zombie (D:5)
  12 rats
152 creatures vanquished.

Vanquished Creatures (collateral kills)
  An orc warrior (D:6)
  A quasit (D:5)
  A centaur zombie (D:5)
  2 orc priests (D:5)
  An orc wizard (D:5)
  An iguana (D:4)
  3 orcs
10 creatures vanquished.

Grand Total: 162 creatures vanquished

Notes
Turn   | Place    | Note
-------+----------+-------------------------------------------
     0 | D:1      | SSird the Demonspawn Gladiator began the quest for the Orb.
     0 | D:1      | Reached XP level 1. HP: 16/16 MP: 1/1
   406 | D:1      | Gained mutation: A weak demonic guardian rushes to your
                  | aid. [demonic ancestry]
   406 | D:1      | Reached XP level 2. HP: 20/22 MP: 2/2
   578 | D:1      | Reached skill level 3 in Long Blades
  1281 | D:2      | Gained mutation: You have sharp toenails. [demonic
                  | ancestry]
  1281 | D:2      | Reached XP level 3. HP: 28/28 MP: 3/3
  2149 | D:2      | Found a bloodstained altar of Trog.
  2536 | D:3      | Reached XP level 4. HP: 26/34 MP: 4/4
  2802 | D:3      | Found an ornate altar of the Wu Jian Council.
  3665 | D:4      | Gained mutation: You are immune to miasma. [demonic
                  | ancestry]
  3665 | D:4      | Reached XP level 5. HP: 40/40 MP: 5/5
  3670 | D:4      | Reached skill level 4 in Long Blades
  4107 | D:4      | Found a broken altar of Ashenzari.
  4362 | D:4      | Reached skill level 1 in Shields
  4362 | D:4      | Gained mutation: You are partially covered in thin metallic
                  | scales. (AC +2) [demonic ancestry]
  4362 | D:4      | Reached XP level 6. HP: 44/47 MP: 6/6
  4739 | D:5      | Entered Level 5 of the Dungeon
  5010 | D:5      | Reached XP level 7. HP: 18/52 MP: 7/7
  5022 | D:5      | Reached skill level 5 in Long Blades
  5305 | D:5      | Found a basalt altar of Yredelemnul.
  6924 | D:6      | Reached XP level 8. HP: 58/60 MP: 8/8
  7200 | D:6      | Reached skill level 6 in Long Blades
  7780 | D:7      | Killed from afar by a steam dragon

Illustrated notes

Levels and vault maps discovered:
D:1:      lemuel_arrival_muddy, layout_basic, dk_noncrumbling_3
D:2:      layout_basic, nicolae_overflow_hidden_temple
D:3:      minmay_chambers_of_twos, layout_rooms,
          pdpol_wu_jian_five_deadly_venoms
D:4:      layout_basic, lemuel_round_altar, kennysheep_generic_room_10
D:5:      layout_rooms, overflow_temple_1_default, minmay_checkerbox
D:6:      layout_loops_corners
D:7:      layout_loops_cross, kennysheep_little_box,
          minmay_temple_entry_butterflies, gammafunk_ghost_grave,
          kennysheep_nondescript, minivault_4, hangedman_decor_peaks_small,
          grunt_dithmenos_smoke

Skill      XL: |  1  2  3  4  5  6  7  8 |
---------------+-------------------------+-----
Throwing       | 2 3 4 |  4.1
Long Blades    | 3 4 5 6 |  6.2
Dodging        | 3 4 |  4.6
Fighting       | 3 4 |  4.5
Shields        | 1 2 3 |  3.1

Action                   |  1- 3 |  4- 6 |  7- 9 || total
-------------------------+-------+-------+-------++-------
Melee: Long sword        |   142 |   195 |   196 ||   533
       Kick              |    29 |    72 |    72 ||   173
       Dagger            |     5 |       |     4 ||     9
  Use: Scroll            |       |     6 |       ||     6
       Potion            |       |     4 |     2 ||     6
 Stab: Distracted        |       |       |     1 ||     1
Armor: Ring mail         |    37 |       |       ||    37
       Leather armour    |     1 |       |       ||     1
       Chain mail        |    40 |   138 |   112 ||   290
       Skin              |       |    23 |     6 ||    29
Dodge: Dodged            |    84 |    91 |    63 ||   238
Block: Buckler           |       |    28 |    57 ||    85
       Rpst.: Long sword |    27 |    32 |    11 ||    70
